Panthers vs Oilers
Created - December 7, 2024 at 22:34
Goals
|
| Panthers |
0 |
0 |
0 |
0 |
| Oilers |
0 |
1 |
2 |
3 |
|
Shots
|
| Panthers |
4 |
13 |
7 |
24 |
| Oilers |
12 |
15 |
16 |
43 |
|
1st period
No Goal
Penalties :
Kris Versteeg (Flo) for High sticking (Minor) at 17:46
2nd period
1. Oilers , Frederik Gauthier 4 (Greg Stewart 4, Mitch Marner 14) at 3:13
Penalties :
Greg Stewart (Edm) for Holding (Minor) at 4:09, Griffin Reinhart (Flo) for Boarding (Minor) at 6:43, Jason Robertson (Edm) for Roughing (Minor) at 13:23, Zac Rinaldo (Flo) for Roughing (Minor) at 19:55
3rd period
2. Oilers , Jamie Benn 4 (Darnell Nurse 6) at 4:41
3. Oilers , Christian Fischer 3 (Marcus Pettersson 14, Frederik Gauthier 4) at 8:44
Penalties :
Ladislav Smid (Flo) for Roughing (Minor) at 15:28
Goalie Stats
Ville Husso (Flo), 40 saves from 43 shots - (0.930), L, 8-8-1, 60:00 minutes
Carter Hart (Edm), 24 saves from 24 shots - (1.000), W, 10-4-2, 60:00 minutes
Players Stats for Panthers
Player Name G A P +/- PIM S H SB GA TA FO MP PP MP PK MP
------------------------------------------------------------------------------------
Aleksander Barkov 0 0 0 -1 0 5 1 1 1 1 7/17 16:54 1:24 4:12
Alex Pietrangelo 0 0 0 -2 0 2 1 6 2 0 0/0 26:09 2:59 0:00
Danny DeKeiser 0 0 0 -1 0 0 0 0 0 2 0/0 20:44 2:59 4:05
Derick Brassard 0 0 0 -2 0 1 3 2 0 0 0/2 20:26 2:34 2:51
Dmitrij Jaskin 0 0 0 0 0 0 0 0 0 0 0/0 11:46 0:00 0:00
Dominik Kahun 0 0 0 0 0 0 1 0 0 0 1/1 12:49 0:00 1:03
Drake Batherson 0 0 0 0 0 3 0 0 0 0 0/0 11:41 1:24 0:00
Griffin Reinhart 0 0 0 0 2 1 1 2 1 0 0/0 12:08 0:59 0:36
Kris Versteeg 0 0 0 -1 2 1 1 0 1 0 1/2 14:34 0:00 3:13
Ladislav Smid 0 0 0 -1 2 0 1 0 0 0 0/0 17:33 0:00 3:15
Matt Duchene 0 0 0 -2 0 2 0 0 1 1 12/26 18:12 2:34 0:28
Matt Puempel 0 0 0 0 0 0 0 0 0 0 0/0 12:29 0:00 0:29
Miro Aaltonen 0 0 0 0 0 3 3 0 0 0 2/6 13:12 0:00 2:57
Nikita Kucherov 0 0 0 -2 0 3 0 0 3 0 0/0 17:53 2:34 0:00
Niklas Hansson 0 0 0 -2 0 0 1 2 1 0 0/0 27:29 0:59 3:15
Pavel Buchnevich 0 0 0 -1 0 3 1 0 1 1 0/0 12:38 1:24 0:00
Radim Simek 0 0 0 0 0 0 0 2 0 2 0/0 14:03 0:00 4:05
Zac Rinaldo 0 0 0 0 2 0 2 1 0 0 0/0 11:20 0:00 1:15
Players Stats for Oilers
Player Name G A P +/- PIM S H SB GA TA FO MP PP MP PK MP
------------------------------------------------------------------------------------
Adam Gaudette 0 0 0 0 0 4 1 0 0 0 1/2 21:18 2:28 0:00
Andrew Mangiapane 0 0 0 0 0 1 0 0 0 0 0/1 7:27 0:47 0:00
Brent Burns 0 0 0 0 0 2 0 0 0 0 0/0 17:45 2:16 0:00
Brent Seabrook 0 0 0 1 0 1 1 0 0 1 0/0 22:35 5:05 1:25
Brett Lernout 0 0 0 0 0 2 0 0 0 1 0/0 14:31 0:00 0:00
Christian Fischer 1 0 1 2 0 3 1 0 0 0 1/2 11:23 0:07 0:00
Connor McDavid 0 0 0 1 0 3 2 2 2 2 10/15 16:29 4:34 0:38
Darnell Nurse 0 1 1 2 0 0 2 0 0 1 0/0 19:04 0:35 2:33
Frederik Gauthier 1 1 2 2 0 4 0 0 0 1 5/7 11:44 0:47 0:00
Greg Stewart 0 1 1 2 2 1 0 0 0 0 0/1 14:12 1:26 1:26
Jamie Benn 1 0 1 1 0 3 2 0 0 1 1/1 17:48 4:01 1:56
Jamie McBain 0 0 0 1 0 1 1 1 0 1 0/0 25:58 2:51 2:33
Jason Robertson 0 0 0 0 2 1 0 0 1 0 0/0 7:14 0:11 0:00
Leon Draisaitl 0 0 0 0 0 6 0 1 1 1 0/1 21:54 2:28 0:36
Marcus Pettersson 0 1 1 2 0 1 1 2 1 0 0/0 18:48 5:05 1:25
Mitch Marner 0 1 1 1 0 2 2 0 2 1 0/0 15:46 4:34 0:00
Noel Acciari 0 0 0 0 0 1 0 0 0 0 0/0 7:42 0:07 0:30
Tyler Johnson 0 0 0 0 0 7 1 0 0 1 13/24 24:22 2:18 2:50
3 Stars
1 - Carter Hart (Edm)
2 - Frederik Gauthier (Edm)
3 - Christian Fischer (Edm)
Power Play
Panthers - 0 on 2 Attempt(s) - 0.00%
Oilers - 0 on 4 Attempt(s) - 0.00%
Penalty Kill
Panthers - 4 on 4 Attempt(s) - 100.00%
- Score 0 goal in Penalty Kill
Oilers - 2 on 2 Attempt(s) - 100.00%
- Score 0 goal in Penalty Kill
Team Stat
Panthers - Hits : 16 - Faceoff Wins : 23 - Blocked Shots : 16 - Penalty Minutes : 8
Oilers - Hits : 14 - Faceoff Wins : 31 - Blocked Shots : 6 - Penalty Minutes : 4
Official
Referees : Trevor Hanson and Conor O'Donnell
Linesman : Pierre Racicot and Andrew Smith
Game Notes
16:24 of 1st period - Oilers goal is going for a video replay. After video review, No Goal. The puck has been directed, batted or thrown into the net by an attacking player other than with a stick.
Finance
Level 1 -- Attendance: 5971 (99.52%) -- Ticket Income $597,100
Level 2 -- Attendance: 4522 (90.44%) -- Ticket Income $316,540
Level 3 -- Attendance: 1930 (96.50%) -- Ticket Income $77,200
Level 4 -- Attendance: 3645 (91.13%) -- Ticket Income $109,350
Luxury Box -- Attendance: 1000 (100.00%) -- Ticket Income $200,000
Game was played at the Rodgers Place.
Total Attendance: 17068 (94.82%)
Total Ticket Income: $1,300,190
Other Income: $195,028
Total Income: $1,495,218
Panthers
5 vs 5 Forward
Center Left Wing Right Wing Time % Phy DF OF
1 Matt Duchene Derick Brassard Nikita Kucherov 40 0 2 3
2 Aleksander Barkov Pavel Buchnevich Kris Versteeg 30 1 2 2
3 Miro Aaltonen Zac Rinaldo Drake Batherson 20 1 2 2
4 Dominik Kahun Matt Puempel Dmitrij Jaskin 10 1 2 2
5 vs 5 Defense
Defense Defense Time % Phy DF OF
1 Alex Pietrangelo Niklas Hansson 40 0 2 3
2 Danny DeKeiser Ladislav Smid 30 1 2 2
3 Griffin Reinhart Radim Simek 20 1 2 2
4 Alex Pietrangelo Niklas Hansson 10 0 2 3
PowerPlay Forward
Center Left Wing Right Wing Time % Phy DF OF
1 Matt Duchene Derick Brassard Nikita Kucherov 60 0 1 4
2 Aleksander Barkov Pavel Buchnevich Drake Batherson 40 0 1 4
PowerPlay Defense
Defense Defense Time % Phy DF OF
1 Alex Pietrangelo Danny DeKeiser 60 0 2 3
2 Niklas Hansson Griffin Reinhart 40 0 2 3
Penalty Kill 4 Players Forward
Center Wing Time % Phy DF OF
1 Aleksander Barkov Kris Versteeg 60 1 3 1
2 Miro Aaltonen Zac Rinaldo 40 1 3 1
Penalty Kill 4 Players Defense
Defense Defense Time % Phy DF OF
1 Ladislav Smid Niklas Hansson 60 1 3 1
2 Danny DeKeiser Radim Simek 40 1 3 1
Penalty Kill - 3 Players Forward
Forward Time % Phy DF OF
1 Kris Versteeg 60 1 3 1
2 Aleksander Barkov 40 1 3 1
Penalty Kill - 3 Players Defense
Defense Defense Time % Phy DF OF
1 Ladislav Smid Niklas Hansson 60 1 3 1
2 Danny DeKeiser Radim Simek 40 1 3 1
4 vs 4 Forward
Center Wing Time % Phy DF OF
1 Matt Duchene Nikita Kucherov 60 0 2 3
2 Aleksander Barkov Pavel Buchnevich 40 1 2 2
4 vs 4 Defense
Defense Defense Time % Phy DF OF
1 Alex Pietrangelo Niklas Hansson 60 0 2 3
2 Danny DeKeiser Griffin Reinhart 40 0 2 3
Last Minutes Offensive
Center Left Wing Right Wing Defense Defense
Matt Duchene Pavel Buchnevich Nikita Kucherov Alex Pietrangelo Griffin Reinhart
Last Minutes Defensive
Center Left Wing Right Wing Defense Defense
Aleksander Barkov Zac Rinaldo Kris Versteeg Danny DeKeiser Niklas Hansson
Goaltenders
Starting : Ville Husso
Backup : Brandon Halverson
Extra Forwards
Normal : Aleksander Barkov, Nikita Kucherov, Matt Duchene - PP : Drake Batherson, Matt Duchene - PK : Miro Aaltonen
Extra Defensemen
Normal : Radim Simek, Alex Pietrangelo, Niklas Hansson - PP : Alex Pietrangelo - PK : Radim Simek, Niklas Hansson
Penalty Shots
Drake Batherson, Nikita Kucherov, Pavel Buchnevich, Matt Duchene, Aleksander Barkov
Custom OT Lines Forwards
Matt Duchene, Nikita Kucherov, Aleksander Barkov, Drake Batherson, Pavel Buchnevich, Zac Rinaldo, Miro Aaltonen, Derick Brassard, Matt Puempel, Kris Versteeg
Custom OT Lines Defensemen
Alex Pietrangelo, Danny DeKeiser, Niklas Hansson, Griffin Reinhart, Ladislav Smid
Scratches
Jimmy Vesey (Fractured Metatarsal (Right Foot) Injury), Nikolay Goldobin (Torn Left Knee Ligaments Injury)
Oilers
5 vs 5 Forward
Center Left Wing Right Wing Time % Phy DF OF
1 Tyler Johnson Leon Draisaitl Adam Gaudette 35 1 2 2
2 Connor McDavid Jamie Benn Mitch Marner 30 1 2 2
3 Frederik Gauthier Greg Stewart Christian Fischer 25 1 2 2
4 Noel Acciari Jason Robertson Andrew Mangiapane 10 1 2 2
5 vs 5 Defense
Defense Defense Time % Phy DF OF
1 Jamie McBain Brent Seabrook 40 1 2 2
2 Marcus Pettersson Darnell Nurse 30 1 2 2
3 Brent Burns Brett Lernout 20 1 2 2
4 Darnell Nurse Jamie McBain 10 1 2 2
PowerPlay Forward
Center Left Wing Right Wing Time % Phy DF OF
1 Connor McDavid Jamie Benn Mitch Marner 60 1 2 2
2 Tyler Johnson Leon Draisaitl Adam Gaudette 40 1 2 2
PowerPlay Defense
Defense Defense Time % Phy DF OF
1 Brent Seabrook Marcus Pettersson 60 1 2 2
2 Brent Burns Jamie McBain 40 1 2 2
Penalty Kill 4 Players Forward
Center Wing Time % Phy DF OF
1 Tyler Johnson Greg Stewart 60 1 4 0
2 Noel Acciari Jamie Benn 40 1 4 0
Penalty Kill 4 Players Defense
Defense Defense Time % Phy DF OF
1 Darnell Nurse Jamie McBain 60 0 5 0
2 Brent Seabrook Marcus Pettersson 40 0 5 0
Penalty Kill - 3 Players Forward
Forward Time % Phy DF OF
1 Noel Acciari 60 0 5 0
2 Tyler Johnson 40 0 5 0
Penalty Kill - 3 Players Defense
Defense Defense Time % Phy DF OF
1 Darnell Nurse Jamie McBain 60 0 5 0
2 Brent Seabrook Marcus Pettersson 40 0 5 0
4 vs 4 Forward
Center Wing Time % Phy DF OF
1 Connor McDavid Leon Draisaitl 60 1 2 2
2 Tyler Johnson Greg Stewart 40 1 2 2
4 vs 4 Defense
Defense Defense Time % Phy DF OF
1 Darnell Nurse Jamie McBain 60 1 2 2
2 Brent Seabrook Marcus Pettersson 40 1 2 2
Last Minutes Offensive
Center Left Wing Right Wing Defense Defense
Connor McDavid Leon Draisaitl Mitch Marner Darnell Nurse Jamie McBain
Last Minutes Defensive
Center Left Wing Right Wing Defense Defense
Connor McDavid Leon Draisaitl Mitch Marner Darnell Nurse Jamie McBain
Goaltenders
Starting : Carter Hart
Backup : Jaroslav Halak
Extra Forwards
Normal : Greg Stewart, Frederik Gauthier, Jamie Benn - PP : Greg Stewart, Frederik Gauthier - PK : Greg Stewart
Extra Defensemen
Normal : Marcus Pettersson, Brent Burns, Brett Lernout - PP : Marcus Pettersson - PK : Marcus Pettersson, Brent Burns
Penalty Shots
Connor McDavid, Tyler Johnson, Leon Draisaitl, Mitch Marner, Greg Stewart
Custom OT Lines Forwards
Connor McDavid, Tyler Johnson, Leon Draisaitl, Mitch Marner, Greg Stewart, Frederik Gauthier, Jamie Benn, Adam Gaudette, Noel Acciari, Christian Fischer
Custom OT Lines Defensemen
Darnell Nurse, Jamie McBain, Brent Seabrook, Marcus Pettersson, Brent Burns
Scratches
Anton Slepyshev (Healthy), Philippe Myers (Healthy)
% Time on Ice - Panthers
Lines # - Real PCT - Wanted PCT - Time Play
Normal Forward
1 - 32% - 40% - 15:17
2 - 24% - 30% - 11:19
3 - 20% - 20% - 9:44
4 - 24% - 10% - 11:46
Normal Defense
1 - 45% - 40% - 21:53
2 - 30% - 30% - 14:33
3 - 21% - 20% - 9:52
4 - 4% - 10% - 1:48
PP Forward
1 - 65% - 60% - 2:34
2 - 35% - 40% - 1:24
PP Defense
1 - 75% - 60% - 2:59
2 - 25% - 40% - 0:59
PK Forward
1 - 75% - 60% - 5:57
2 - 25% - 40% - 1:59
PK Defense
1 - 41% - 60% - 3:15
2 - 59% - 40% - 4:41
PK3 Forward
1 - 0% - 60%
2 - 0% - 40%
PK3 Defense
1 - 0% - 60%
2 - 0% - 40%
44 Forward
1 - 0% - 60%
2 - 0% - 40%
44 Defense
1 - 0% - 60%
2 - 0% - 40%
Last Minute Offensive - 0:00
Last Minute Defensive - 0:00
Total
Forward - 60:00
Defense - 60:00
|
% Time on Ice - Oilers
Lines # - Real PCT - Wanted PCT - Time Play
Normal Forward
1 - 40% - 35% - 19:08
2 - 24% - 30% - 11:44
3 - 23% - 25% - 10:53
4 - 13% - 10% - 6:21
Normal Defense
1 - 36% - 40% - 17:13
2 - 27% - 30% - 12:48
3 - 30% - 20% - 14:31
4 - 7% - 10% - 3:34
PP Forward
1 - 69% - 60% - 5:28
2 - 31% - 40% - 2:28
PP Defense
1 - 71% - 60% - 5:40
2 - 29% - 40% - 2:16
PK Forward
1 - 87% - 60% - 3:28
2 - 13% - 40% - 0:30
PK Defense
1 - 64% - 60% - 2:33
2 - 36% - 40% - 1:25
PK3 Forward
1 - 0% - 60%
2 - 0% - 40%
PK3 Defense
1 - 0% - 60%
2 - 0% - 40%
44 Forward
1 - 0% - 60%
2 - 0% - 40%
44 Defense
1 - 0% - 60%
2 - 0% - 40%
Last Minute Offensive - 0:00
Last Minute Defensive - 0:00
Total
Forward - 60:00
Defense - 60:00
|
Play-by-Play
1st period
0:01 of 1st period - Tyler Johnson wins face-off versus Matt Duchene in neutral zone.
0:04 of 1st period - Snap shot by Tyler Johnson.
0:04 of 1st period - Stopped by Ville Husso with a rebound.
0:32 of 1st period - Darnell Nurse is hit by Alex Pietrangelo and loses puck.
0:52 of 1st period - Niklas Hansson is hit by Christian Fischer and loses puck.
2:05 of 1st period - Slapshot by Connor McDavid.
2:05 of 1st period - Stopped by Ville Husso with a rebound.
2:17 of 1st period - Wrist shot by Miro Aaltonen.
2:17 of 1st period - Shot Blocked by Jamie McBain.
2:35 of 1st period - Marcus Pettersson is hit by Dominik Kahun and loses puck.
3:06 of 1st period - Snap shot by Connor McDavid.
3:06 of 1st period - Stopped by Ville Husso with a rebound.
3:08 of 1st period - Snap shot by Connor McDavid.
3:08 of 1st period - Shot Misses the Net.
4:15 of 1st period - Snap shot by Drake Batherson.
4:15 of 1st period - Shot Blocked by Marcus Pettersson.
4:17 of 1st period - Wrist shot by Ladislav Smid.
4:17 of 1st period - Shot Misses the Net.
4:27 of 1st period - Slapshot by Darnell Nurse.
4:27 of 1st period - Shot Misses the Net.
4:31 of 1st period - Snap shot by Mitch Marner.
4:31 of 1st period - Stopped by Ville Husso with a rebound.
4:33 of 1st period - Snap shot by Marcus Pettersson.
4:33 of 1st period - Stopped by Ville Husso without a rebound.
4:34 of 1st period - Connor McDavid wins face-off versus Aleksander Barkov in Panthers zone.
5:03 of 1st period - Wrist shot by Tyler Johnson.
5:03 of 1st period - Shot Blocked by Derick Brassard.
5:05 of 1st period - Snap shot by Adam Gaudette.
5:05 of 1st period - Stopped by Ville Husso without a rebound.
5:06 of 1st period - Tyler Johnson wins face-off versus Matt Duchene in Panthers zone.
5:21 of 1st period - Wrist shot by Leon Draisaitl.
5:21 of 1st period - Shot Misses the Net.
5:23 of 1st period - Slapshot by Leon Draisaitl.
5:23 of 1st period - Deflect By Tyler Johnson.
5:23 of 1st period - Stopped by Ville Husso with a rebound.
5:35 of 1st period - Snap shot by Leon Draisaitl.
5:35 of 1st period - Stopped by Ville Husso without a rebound.
5:36 of 1st period - Aleksander Barkov wins face-off versus Frederik Gauthier in Panthers zone.
6:03 of 1st period - Radim Simek is hit by Connor McDavid and loses puck.
6:31 of 1st period - Derick Brassard is hit by Darnell Nurse and loses puck.
6:48 of 1st period - Wrist shot by Jason Robertson.
6:48 of 1st period - Deflect By Dominik Kahun.
6:48 of 1st period - Shot Blocked by Radim Simek.
6:48 of 1st period - Puck is out of play.
6:49 of 1st period - Dominik Kahun wins face-off versus Andrew Mangiapane in Panthers zone.
7:24 of 1st period - Wrist shot by Alex Pietrangelo.
7:24 of 1st period - Stopped by Carter Hart with a rebound.
7:58 of 1st period - Snap shot by Andrew Mangiapane.
7:58 of 1st period - Deflect By Niklas Hansson.
7:58 of 1st period - Shot Blocked by Alex Pietrangelo.
7:58 of 1st period - Puck is out of play.
7:59 of 1st period - Matt Duchene wins face-off versus Adam Gaudette in Panthers zone.
8:35 of 1st period - Slapshot by Christian Fischer.
8:35 of 1st period - Shot Misses the Net.
8:37 of 1st period - Wrist shot by Frederik Gauthier.
8:37 of 1st period - Shot Blocked by Aleksander Barkov.
8:49 of 1st period - Jamie Benn is hit by Zac Rinaldo and loses puck.
10:36 of 1st period - Off-side.
10:37 of 1st period - Frederik Gauthier wins face-off versus Miro Aaltonen in neutral zone.
11:13 of 1st period - Snap shot by Drake Batherson.
11:13 of 1st period - Shot Blocked by Connor McDavid.
11:31 of 1st period - Wrist shot by Miro Aaltonen.
11:31 of 1st period - Stopped by Carter Hart without a rebound.
11:32 of 1st period - Matt Duchene wins face-off versus Tyler Johnson in Oilers zone.
11:33 of 1st period - Backhand shot by Derick Brassard.
11:33 of 1st period - Stopped by Carter Hart with a rebound.
13:08 of 1st period - Snap shot by Mitch Marner.
13:08 of 1st period - Shot Misses the Net.
13:46 of 1st period - Slapshot by Leon Draisaitl.
13:46 of 1st period - Shot Blocked by Griffin Reinhart.
13:48 of 1st period - Snap shot by Tyler Johnson.
13:48 of 1st period - Shot Misses the Net.
13:50 of 1st period - Slapshot by Tyler Johnson.
13:50 of 1st period - Shot Blocked by Griffin Reinhart.
13:52 of 1st period - Snap shot by Adam Gaudette.
13:52 of 1st period - Stopped by Ville Husso without a rebound.
13:53 of 1st period - Matt Duchene wins face-off versus Connor McDavid in Panthers zone.
13:58 of 1st period - Ladislav Smid is hit by Jamie Benn and loses puck.
14:55 of 1st period - Slapshot by Miro Aaltonen.
14:55 of 1st period - Shot Misses the Net.
15:04 of 1st period - Icing by Darnell Nurse.
15:05 of 1st period - Frederik Gauthier wins face-off versus Matt Duchene in Oilers zone.
15:14 of 1st period - Snap shot by Leon Draisaitl.
15:14 of 1st period - Stopped by Ville Husso without a rebound.
15:15 of 1st period - Matt Duchene wins face-off versus Leon Draisaitl in Panthers zone.
15:32 of 1st period - Matt Duchene is hit by Tyler Johnson and loses puck.
15:41 of 1st period - Niklas Hansson is hit by Jamie McBain and loses puck.
16:16 of 1st period - Wrist shot by Leon Draisaitl.
16:16 of 1st period - Shot Misses the Net.
16:22 of 1st period - Slapshot by Adam Gaudette.
16:22 of 1st period - Shot Blocked by Alex Pietrangelo.
16:24 of 1st period - Wrist shot by Brett Lernout.
16:24 of 1st period - Deflect By Leon Draisaitl.
16:24 of 1st period - Oilers goal is going for a video replay.
16:24 of 1st period - The goal is refused. The puck has been directed, batted or thrown into the net by an attacking player other than with a stick..
16:25 of 1st period - Kris Versteeg wins face-off versus Connor McDavid in Panthers zone.
16:55 of 1st period - Snap shot by Greg Stewart.
16:55 of 1st period - Stopped by Ville Husso with a rebound.
17:10 of 1st period - Zac Rinaldo is hit by Brent Seabrook and loses puck.
17:22 of 1st period - Snap shot by Drake Batherson.
17:22 of 1st period - Stopped by Carter Hart without a rebound.
17:23 of 1st period - Connor McDavid wins face-off versus Aleksander Barkov in Oilers zone.
17:46 of 1st period - Minor Penalty to Kris Versteeg for High sticking.
17:47 of 1st period - Connor McDavid wins face-off versus Aleksander Barkov in Panthers zone.
19:32 of 1st period - Brent Burns is hit by Derick Brassard and loses puck.
19:39 of 1st period - Dominik Kahun is hit by Mitch Marner and loses puck.
19:46 of 1st period - Penalty to Kris Versteeg is over, Kris Versteeg is back on ice.
Goals for this period are 0 for Panthers vs 0 for Oilers.
Shots for this period are 4 for Panthers vs 12 for Oilers.
2nd period
0:01 of 2nd period - Tyler Johnson wins face-off versus Matt Duchene in neutral zone.
0:08 of 2nd period - Snap shot by Tyler Johnson.
0:08 of 2nd period - Stopped by Ville Husso without a rebound.
0:09 of 2nd period - Tyler Johnson wins face-off versus Matt Duchene in Panthers zone.
0:50 of 2nd period - Wrist shot by Nikita Kucherov.
0:50 of 2nd period - Shot Misses the Net.
1:00 of 2nd period - Wrist shot by Adam Gaudette.
1:00 of 2nd period - Shot Misses the Net.
1:20 of 2nd period - Wrist shot by Matt Duchene.
1:20 of 2nd period - Shot Misses the Net.
1:30 of 2nd period - Snap shot by Tyler Johnson.
1:30 of 2nd period - Stopped by Ville Husso without a rebound.
1:31 of 2nd period - Connor McDavid wins face-off versus Aleksander Barkov in Panthers zone.
1:36 of 2nd period - Snap shot by Connor McDavid.
1:36 of 2nd period - Stopped by Ville Husso without a rebound.
1:37 of 2nd period - Connor McDavid wins face-off versus Aleksander Barkov in Panthers zone.
1:40 of 2nd period - Wrist shot by Jamie Benn.
1:40 of 2nd period - Stopped by Ville Husso with a rebound.
1:48 of 2nd period - Snap shot by Pavel Buchnevich.
1:48 of 2nd period - Deflect By Kris Versteeg.
1:48 of 2nd period - Stopped by Carter Hart with a rebound.
1:50 of 2nd period - Wrist shot by Kris Versteeg.
1:50 of 2nd period - Shot Misses the Net.
1:52 of 2nd period - Snap shot by Pavel Buchnevich.
1:52 of 2nd period - Stopped by Carter Hart without a rebound.
1:53 of 2nd period - Christian Fischer wins face-off versus Miro Aaltonen in Oilers zone.
2:00 of 2nd period - Slapshot by Greg Stewart.
2:00 of 2nd period - Shot Blocked by Zac Rinaldo.
2:33 of 2nd period - Slapshot by Pavel Buchnevich.
2:33 of 2nd period - Deflect By Aleksander Barkov.
2:33 of 2nd period - Shot Blocked by Marcus Pettersson.
2:33 of 2nd period - Puck is out of play.
2:34 of 2nd period - Matt Duchene wins face-off versus Tyler Johnson in Oilers zone.
2:37 of 2nd period - Snap shot by Matt Duchene.
2:37 of 2nd period - Stopped by Carter Hart without a rebound.
2:38 of 2nd period - Matt Duchene wins face-off versus Tyler Johnson in Oilers zone.
2:39 of 2nd period - Wrist shot by Nikita Kucherov.
2:39 of 2nd period - Stopped by Carter Hart without a rebound.
2:40 of 2nd period - Tyler Johnson wins face-off versus Matt Duchene in Oilers zone.
3:13 of 2nd period - Wrist shot by Frederik Gauthier.
3:13 of 2nd period - Goal by Frederik Gauthier - Panthers : 0 - Oilers : 1.
3:14 of 2nd period - Connor McDavid wins face-off versus Kris Versteeg in neutral zone.
3:16 of 2nd period - Off-side.
3:17 of 2nd period - Aleksander Barkov wins face-off versus Connor McDavid in neutral zone.
3:41 of 2nd period - Kris Versteeg is hit by Jamie Benn and loses puck.
3:56 of 2nd period - Snap shot by Aleksander Barkov.
3:56 of 2nd period - Deflect By Pavel Buchnevich.
3:56 of 2nd period - Stopped by Carter Hart with a rebound.
4:04 of 2nd period - Slapshot by Pavel Buchnevich.
4:04 of 2nd period - Stopped by Carter Hart with a rebound.
4:06 of 2nd period - Backhand shot by Alex Pietrangelo.
4:06 of 2nd period - Stopped by Carter Hart without a rebound.
4:07 of 2nd period - Frederik Gauthier wins face-off versus Derick Brassard in Oilers zone.
4:09 of 2nd period - Minor Penalty to Greg Stewart for Holding.
4:10 of 2nd period - Tyler Johnson wins face-off versus Derick Brassard in Oilers zone.
4:15 of 2nd period - Icing by Matt Duchene.
4:16 of 2nd period - Matt Duchene wins face-off versus Tyler Johnson in Panthers zone.
4:41 of 2nd period - Off-side.
4:42 of 2nd period - Tyler Johnson wins face-off versus Aleksander Barkov in neutral zone.
5:21 of 2nd period - Wrist shot by Connor McDavid.
5:21 of 2nd period - Deflect By Leon Draisaitl.
5:21 of 2nd period - Shot Misses the Net.
5:21 of 2nd period - Puck is out of play.
5:22 of 2nd period - Tyler Johnson wins face-off versus Aleksander Barkov in Panthers zone.
5:33 of 2nd period - Brent Seabrook is hit by Derick Brassard and loses puck.
6:09 of 2nd period - Penalty to Greg Stewart is over, Greg Stewart is back on ice.
6:43 of 2nd period - Minor Penalty to Griffin Reinhart for Boarding.
6:44 of 2nd period - Connor McDavid wins face-off versus Aleksander Barkov in Panthers zone.
7:46 of 2nd period - Miro Aaltonen is hit by Connor McDavid and loses puck.
8:43 of 2nd period - Penalty to Griffin Reinhart is over, Griffin Reinhart is back on ice.
8:56 of 2nd period - Slapshot by Jamie McBain.
8:56 of 2nd period - Stopped by Ville Husso with a rebound.
9:35 of 2nd period - Snap shot by Miro Aaltonen.
9:35 of 2nd period - Stopped by Carter Hart without a rebound.
9:36 of 2nd period - Tyler Johnson wins face-off versus Miro Aaltonen in Oilers zone.
9:49 of 2nd period - Leon Draisaitl is hit by Griffin Reinhart and loses puck.
10:26 of 2nd period - Slapshot by Griffin Reinhart.
10:26 of 2nd period - Stopped by Carter Hart with a rebound.
11:35 of 2nd period - Mitch Marner is hit by Aleksander Barkov and loses puck.
11:56 of 2nd period - Slapshot by Christian Fischer.
11:56 of 2nd period - Stopped by Ville Husso with a rebound.
11:58 of 2nd period - Snap shot by Christian Fischer.
11:58 of 2nd period - Stopped by Ville Husso with a rebound.
12:00 of 2nd period - Slapshot by Brent Burns.
12:00 of 2nd period - Stopped by Ville Husso without a rebound.
12:01 of 2nd period - Tyler Johnson wins face-off versus Matt Duchene in Panthers zone.
12:31 of 2nd period - Snap shot by Connor McDavid.
12:31 of 2nd period - Shot Blocked by Radim Simek.
12:37 of 2nd period - Brent Seabrook is hit by Pavel Buchnevich and loses puck.
13:02 of 2nd period - Frederik Gauthier is hit by Miro Aaltonen and loses puck.
13:15 of 2nd period - Andrew Mangiapane is hit by Niklas Hansson and loses puck.
13:23 of 2nd period - Minor Penalty to Jason Robertson for Roughing.
13:24 of 2nd period - Tyler Johnson wins face-off versus Matt Duchene in Oilers zone.
13:29 of 2nd period - Icing by Danny DeKeiser.
13:30 of 2nd period - Matt Duchene wins face-off versus Greg Stewart in Panthers zone.
13:43 of 2nd period - Wrist shot by Nikita Kucherov.
13:43 of 2nd period - Stopped by Carter Hart without a rebound.
13:44 of 2nd period - Matt Duchene wins face-off versus Tyler Johnson in Oilers zone.
13:55 of 2nd period - Wrist shot by Nikita Kucherov.
13:55 of 2nd period - Stopped by Carter Hart without a rebound.
13:56 of 2nd period - Matt Duchene wins face-off versus Tyler Johnson in Oilers zone.
15:23 of 2nd period - Penalty to Jason Robertson is over, Jason Robertson is back on ice.
15:47 of 2nd period - Off-side.
15:48 of 2nd period - Miro Aaltonen wins face-off versus Tyler Johnson in neutral zone.
16:11 of 2nd period - Wrist shot by Frederik Gauthier.
16:11 of 2nd period - Stopped by Ville Husso without a rebound.
16:12 of 2nd period - Aleksander Barkov wins face-off versus Frederik Gauthier in Panthers zone.
16:27 of 2nd period - Slapshot by Pavel Buchnevich.
16:27 of 2nd period - Deflect By Jamie McBain.
16:27 of 2nd period - Shot Misses the Net.
16:27 of 2nd period - Puck is out of play.
16:28 of 2nd period - Tyler Johnson wins face-off versus Matt Duchene in Oilers zone.
16:45 of 2nd period - Snap shot by Alex Pietrangelo.
16:45 of 2nd period - Shot Blocked by Leon Draisaitl.
17:39 of 2nd period - Wrist shot by Noel Acciari.
17:39 of 2nd period - Stopped by Ville Husso with a rebound.
18:23 of 2nd period - Slapshot by Aleksander Barkov.
18:23 of 2nd period - Stopped by Carter Hart with a rebound.
18:31 of 2nd period - Snap shot by Brent Seabrook.
18:31 of 2nd period - Stopped by Ville Husso without a rebound.
18:32 of 2nd period - Connor McDavid wins face-off versus Matt Duchene in Panthers zone.
18:33 of 2nd period - Snap shot by Jamie Benn.
18:33 of 2nd period - Stopped by Ville Husso with a rebound.
18:36 of 2nd period - Icing by Derick Brassard.
18:37 of 2nd period - Jamie Benn wins face-off versus Matt Duchene in Panthers zone.
18:46 of 2nd period - Snap shot by Mitch Marner.
18:46 of 2nd period - Stopped by Ville Husso with a rebound.
19:22 of 2nd period - Snap shot by Matt Duchene.
19:22 of 2nd period - Stopped by Carter Hart without a rebound.
19:23 of 2nd period - Aleksander Barkov wins face-off versus Tyler Johnson in Oilers zone.
19:52 of 2nd period - Snap shot by Leon Draisaitl.
19:52 of 2nd period - Stopped by Ville Husso without a rebound.
19:53 of 2nd period - Miro Aaltonen wins face-off versus Christian Fischer in Panthers zone.
19:55 of 2nd period - Minor Penalty to Zac Rinaldo for Roughing.
19:56 of 2nd period - Aleksander Barkov wins face-off versus Connor McDavid in Panthers zone.
19:56 of 2nd period - Aleksander Barkov is hit by Marcus Pettersson.
Goals for this period are 0 for Panthers vs 1 for Oilers.
Shots for this period are 13 for Panthers vs 15 for Oilers.
3rd period
0:01 of 3rd period - Connor McDavid wins face-off versus Aleksander Barkov in neutral zone.
0:38 of 3rd period - Off-side.
0:39 of 3rd period - Adam Gaudette wins face-off versus Aleksander Barkov in neutral zone.
0:42 of 3rd period - Niklas Hansson is hit by Adam Gaudette and loses puck.
1:55 of 3rd period - Penalty to Zac Rinaldo is over, Zac Rinaldo is back on ice.
2:37 of 3rd period - Icing by Matt Duchene.
2:38 of 3rd period - Matt Duchene wins face-off versus Tyler Johnson in Panthers zone.
2:52 of 3rd period - Brett Lernout is hit by Derick Brassard.
3:31 of 3rd period - Snap shot by Frederik Gauthier.
3:31 of 3rd period - Stopped by Ville Husso with a rebound.
3:56 of 3rd period - Wrist shot by Jason Robertson.
3:56 of 3rd period - Shot Misses the Net.
3:58 of 3rd period - Wrist shot by Jason Robertson.
3:58 of 3rd period - Stopped by Ville Husso with a rebound.
4:00 of 3rd period - Slapshot by Darnell Nurse.
4:00 of 3rd period - Shot Misses the Net.
4:02 of 3rd period - Snap shot by Andrew Mangiapane.
4:02 of 3rd period - Stopped by Ville Husso with a rebound.
4:04 of 3rd period - Slapshot by Marcus Pettersson.
4:04 of 3rd period - Shot Misses the Net.
4:28 of 3rd period - Marcus Pettersson is hit by Ladislav Smid and loses puck.
4:41 of 3rd period - Slapshot by Jamie Benn.
4:41 of 3rd period - Goal by Jamie Benn - Panthers : 0 - Oilers : 2.
4:42 of 3rd period - Matt Duchene wins face-off versus Tyler Johnson in neutral zone.
5:09 of 3rd period - Kris Versteeg is hit by Mitch Marner and loses puck.
5:32 of 3rd period - Icing by Darnell Nurse.
5:33 of 3rd period - Frederik Gauthier wins face-off versus Miro Aaltonen in Oilers zone.
6:18 of 3rd period - Snap shot by Miro Aaltonen.
6:18 of 3rd period - Stopped by Carter Hart with a rebound.
6:20 of 3rd period - Snap shot by Drake Batherson.
6:20 of 3rd period - Stopped by Carter Hart without a rebound.
6:21 of 3rd period - Tyler Johnson wins face-off versus Matt Duchene in Oilers zone.
7:00 of 3rd period - Snap shot by Pavel Buchnevich.
7:00 of 3rd period - Shot Misses the Net.
7:02 of 3rd period - Slapshot by Aleksander Barkov.
7:02 of 3rd period - Shot Misses the Net.
7:18 of 3rd period - Snap shot by Noel Acciari.
7:18 of 3rd period - Shot Misses the Net.
7:50 of 3rd period - Wrist shot by Drake Batherson.
7:50 of 3rd period - Stopped by Carter Hart with a rebound.
7:56 of 3rd period - Christian Fischer is hit by Zac Rinaldo and loses puck.
8:00 of 3rd period - Icing by Brent Seabrook.
8:01 of 3rd period - Frederik Gauthier wins face-off versus Matt Duchene in Oilers zone.
8:40 of 3rd period - Wrist shot by Frederik Gauthier.
8:40 of 3rd period - Stopped by Ville Husso with a rebound.
8:42 of 3rd period - Slapshot by Marcus Pettersson.
8:42 of 3rd period - Shot Blocked by Derick Brassard.
8:44 of 3rd period - Slapshot by Christian Fischer.
8:44 of 3rd period - Goal by Christian Fischer - Panthers : 0 - Oilers : 3.
8:45 of 3rd period - Aleksander Barkov wins face-off versus Tyler Johnson in neutral zone.
8:52 of 3rd period - Snap shot by Pavel Buchnevich.
8:52 of 3rd period - Deflect By Aleksander Barkov.
8:52 of 3rd period - Stopped by Carter Hart with a rebound.
8:54 of 3rd period - Slapshot by Aleksander Barkov.
8:54 of 3rd period - Stopped by Carter Hart with a rebound.
9:04 of 3rd period - Leon Draisaitl is hit by Kris Versteeg and loses puck.
9:51 of 3rd period - Wrist shot by Leon Draisaitl.
9:51 of 3rd period - Shot Misses the Net.
10:52 of 3rd period - Snap shot by Leon Draisaitl.
10:52 of 3rd period - Deflect By Adam Gaudette.
10:52 of 3rd period - Stopped by Ville Husso with a rebound.
10:54 of 3rd period - Slapshot by Brett Lernout.
10:54 of 3rd period - Shot Misses the Net.
10:56 of 3rd period - Snap shot by Adam Gaudette.
10:56 of 3rd period - Stopped by Ville Husso with a rebound.
11:10 of 3rd period - Slapshot by Tyler Johnson.
11:10 of 3rd period - Shot Misses the Net.
11:12 of 3rd period - Wrist shot by Leon Draisaitl.
11:12 of 3rd period - Shot Misses the Net.
11:24 of 3rd period - Slapshot by Tyler Johnson.
11:24 of 3rd period - Stopped by Ville Husso with a rebound.
11:54 of 3rd period - Snap shot by Tyler Johnson.
11:54 of 3rd period - Stopped by Ville Husso with a rebound.
11:56 of 3rd period - Snap shot by Brent Burns.
11:56 of 3rd period - Shot Misses the Net.
11:58 of 3rd period - Snap shot by Brett Lernout.
11:58 of 3rd period - Stopped by Ville Husso with a rebound.
12:06 of 3rd period - Snap shot by Leon Draisaitl.
12:06 of 3rd period - Stopped by Ville Husso with a rebound.
12:26 of 3rd period - Wrist shot by Leon Draisaitl.
12:26 of 3rd period - Shot Misses the Net.
12:28 of 3rd period - Slapshot by Brett Lernout.
12:28 of 3rd period - Shot Blocked by Niklas Hansson.
12:38 of 3rd period - Snap shot by Tyler Johnson.
12:38 of 3rd period - Shot Misses the Net.
12:52 of 3rd period - Snap shot by Tyler Johnson.
12:52 of 3rd period - Shot Blocked by Alex Pietrangelo.
12:54 of 3rd period - Slapshot by Brent Burns.
12:54 of 3rd period - Shot Blocked by Niklas Hansson.
12:56 of 3rd period - Slapshot by Brett Lernout.
12:56 of 3rd period - Shot Misses the Net.
12:58 of 3rd period - Snap shot by Tyler Johnson.
12:58 of 3rd period - Shot Blocked by Alex Pietrangelo.
13:12 of 3rd period - Snap shot by Tyler Johnson.
13:12 of 3rd period - Shot Blocked by Alex Pietrangelo.
13:30 of 3rd period - Wrist shot by Adam Gaudette.
13:30 of 3rd period - Shot Misses the Net.
13:32 of 3rd period - Snap shot by Tyler Johnson.
13:32 of 3rd period - Shot Blocked by Alex Pietrangelo.
13:34 of 3rd period - Slapshot by Brent Burns.
13:34 of 3rd period - Stopped by Ville Husso with a rebound.
13:36 of 3rd period - Slapshot by Brent Burns.
13:36 of 3rd period - Shot Misses the Net.
13:38 of 3rd period - Slapshot by Brett Lernout.
13:38 of 3rd period - Stopped by Ville Husso with a rebound.
13:40 of 3rd period - Slapshot by Tyler Johnson.
13:40 of 3rd period - Stopped by Ville Husso with a rebound.
15:09 of 3rd period - Wrist shot by Leon Draisaitl.
15:09 of 3rd period - Stopped by Ville Husso without a rebound.
15:10 of 3rd period - Connor McDavid wins face-off versus Matt Duchene in Panthers zone.
15:28 of 3rd period - Minor Penalty to Ladislav Smid for Roughing.
15:29 of 3rd period - Aleksander Barkov wins face-off versus Connor McDavid in Panthers zone.
15:39 of 3rd period - Slapshot by Aleksander Barkov.
15:39 of 3rd period - Stopped by Carter Hart with a rebound.
15:41 of 3rd period - Snap shot by Aleksander Barkov.
15:41 of 3rd period - Stopped by Carter Hart with a rebound.
15:43 of 3rd period - Slapshot by Danny DeKeiser.
15:43 of 3rd period - Shot Blocked by Connor McDavid.
16:42 of 3rd period - Brent Seabrook is hit by Miro Aaltonen and loses puck.
17:28 of 3rd period - Penalty to Ladislav Smid is over, Ladislav Smid is back on ice.
19:09 of 3rd period - Mitch Marner is hit by Miro Aaltonen and loses puck.
19:24 of 3rd period - Matt Duchene is hit by Darnell Nurse and loses puck.
Goals for this period are 0 for Panthers vs 2 for Oilers.
Shots for this period are 7 for Panthers vs 16 for Oilers.